 Dungeon Crawl Stone Soup version 0.26.0-45-g9c1d065592 (webtiles) character file.

Game seed: 7066152467354423372

14615 sahdkjhfkaj the Spear-Bearer (level 11, 0/85 (86) HPs)
             Began as a Demonspawn Fighter on Jan 27, 2021.
             Was a High Priest of Okawaru.
             Slain by a boulder beetle (13 damage)
             ... on level 2 of the Lair of Beasts.
             The game lasted 00:22:49 (12271 turns).

sahdkjhfkaj the Spear-Bearer (Demonspawn Fighter)  Turns: 12271, Time: 00:22:49

HP:   0/85 (86)     AC: 17    Str: 17      XL:     11   Next: 91%
MP:   16/16         EV:  5    Int:  7 (8)  God:    Okawaru [*****.]
Gold: 840           SH:  9    Dex: 12      Spells: 10/10 levels left

rFire    + + +     SeeInvis .   a - +0 trident
rCold    . . .     Faith    +   c - +0 kite shield
rNeg     + . .     Spirit   .   t - +0 plate armour
rPois    +         Reflect  .   D - +2 helmet of Ajext {-Cast rF+++ Regen+ Str-3}
rElec    +         Harm     .   (no cloak)
rCorr    .         Rampage  .   v - +0 pair of gloves
Will     +....     NoCast   +   (no boots)
Stlth    ..........             z - amulet of the King {Faith +Fly rElec rPois Int-2}
HPRegen  1.64/turn              l - ring of willpower
MPRegen  0.15/turn              C - ring of positive energy

@: very slightly contaminated, lightly drained, invisible
A: talons 2, deterioration 1, powered by death 2, wild magic 1, no potion heal
1, miasma immunity
a: Renounce Religion, Evoke Flight, Heroism, Finesse


You were on level 2 of the Lair of Beasts.
You worshipped Okawaru.
Okawaru was extremely pleased with you.
You visited 3 branches of the dungeon, and saw 15 of its levels.

You collected 840 gold pieces.

Inventory:

Hand Weapons
 a - a +0 trident (weapon)
Missiles
 A - 5 silver javelins
Armour
 c - a +0 kite shield (worn)
 t - a +0 plate armour (worn)
 v - a +0 pair of gloves (worn)
 D - the +2 helmet of Ajext (worn) {-Cast rF+++ Regen+ Str-3}
   (Okawaru gifted it to you on level 11 of the Dungeon)

   It affects your strength (-3).
   It renders you almost immune to fire.
   It prevents spellcasting.
   It increases your rate of regeneration.
Jewellery
 l - a ring of willpower (left hand)
 z - the amulet of the King (around neck) {Faith +Fly rElec rPois Int-2}
   (You found it on level 11 of the Dungeon)

   [amulet of faith]

   It allows you to gain divine favour quickly.
   It affects your intelligence (-2).
   It insulates you from electricity.
   It protects you from poison.
   It lets you fly.
 C - a ring of positive energy (right hand)
 L - an uncursed ring of protection from cold {unknown}
Wands
 x - a wand of random effects (40)
 y - a wand of acid (14)
 F - a wand of flame (7)
 J - a wand of disintegration (1)
Scrolls
 b - 2 scrolls of noise
 e - a scroll of immolation
 f - 2 scrolls of fear
 g - 2 scrolls of remove curse
 h - 2 scrolls of fog
 n - a scroll of magic mapping
 o - a scroll of enchant armour
 r - 3 scrolls of amnesia
 B - 2 scrolls of blinking
 E - a scroll of teleportation {!r}
 H - a scroll of enchant weapon {unknown}
 M - a scroll of acquirement {unknown}
Potions
 d - 5 potions of might
 i - a potion of invisibility
 j - 2 potions of brilliance
 k - 3 potions of cancellation
 m - 4 potions of curing
 p - 3 potions of flight
 q - 2 potions of heal wounds
 s - 3 potions of magic {unknown}
 u - a potion of berserk rage {unknown}
 w - 4 potions of lignification
 G - a potion of resistance
 I - 2 potions of haste {unknown}
 K - a potion of ambrosia {unknown}


   Skills:
 - Level 8.0 Fighting
 - Level 12.0 Polearms
 + Level 6.8 Armour
 - Level 5.0 Dodging
 - Level 5.0 Shields
 - Level 7.0 Invocations
 - Level 5.0 Evocations


You had 10 spell levels left.
You didn't know any spells.
Your spell library contained the following spells:

 Spells                   Type           Power        Failure   Level
 Animate Skeleton         Necr           0%           100%        1
 Apportation              Tloc           0%           100%        1
 Corona                   Hex            0%           100%        1
 Foxfire                  Conj/Fire      0%           100%        1
 Summon Small Mammal      Summ           0%           100%        1
 Ensorcelled Hibernation  Hex/Ice        0%           100%        2
 Confusing Touch          Hex            0%           100%        3
 Conjure Flame            Conj/Fire      0%           100%        3
 Dazzling Flash           Conj/Hex       0%           100%        3
 Inner Flame              Hex/Fire       0%           100%        3
 Tukima's Dance           Hex            0%           100%        3
 Sticky Flame             Conj/Fire      0%           100%        4
 Fireball                 Conj/Fire      0%           100%        5


Dungeon Overview and Level Annotations

Branches:
Dungeon (12/15)            Temple (1/1) D:5            Lair (2/6) D:11
    Orc (0/2) D:11
  Swamp: Lair:2-4    Shoals: Lair:2-4     Snake: Lair:2-4    Spider: Lair:2-4

Altars:
Ashenzari
Cheibriados
Dithmenos
Elyvilon
Fedhas
Gozag
Hepliaklqana
Kikubaaqudgha
Makhleb
Nemelex Xobeh
Okawaru
Qazlal
Ru
Sif Muna
Trog
Uskayaw
Vehumet
Wu Jian
Xom
Yredelemnul
Zin
The Shining One
Beogh
Lugonu

Portals:
Abyss: D:8

Annotations:
D:7 Harold


Innate Abilities, Weirdness & Mutations

You have razor-sharp toenails.
You regenerate health from kills.
You are immune to miasma.
Your body sometimes deteriorates upon taking damage.
Your spells are a little harder to cast, but a little more powerful.
Potions are less effective at restoring your health.


Message History

You block the hell rat's attack.
You puncture the hell rat! You claw the hell rat.
You kill the hell rat!
Okawaru accepts your kill. The boulder beetle hits you!!
The boulder beetle stops rolling and uncurls.
You see here a hell rat corpse.
Okay, then.
You fade into invisibility!
The boulder beetle bites you.
You are very lightly contaminated with residual magic.
You hit the boulder beetle but do no damage.
The boulder beetle is lightly wounded.
The boulder beetle bites you!!
* * * LOW HITPOINT WARNING * * *
You catch the helpless boulder beetle completely off-guard!
You hit the boulder beetle but do no damage.
The boulder beetle is lightly wounded.
The boulder beetle bites you!
You die...

##### ## #...# ..
#...##. $..+. $..# .
#r.#######..
###B##.......##
...+.@.##....##..
...........†...##.##
...........+####...#
......##+##.#.#....#
###.## #...##...# #.
#...†...#### #
#...†#...#.##
#...##.#....##
#...#.[##....#


You could see a boulder beetle and a river rat.

Vanquished Creatures
  A centaur warrior (D:9)
  A hydra (D:11)
  A two-headed ogre (D:9)
  Pikel (D:5)
  Maurice (D:11)
  3 black mambas
  4 cane toads
  3 komodo dragons
  2 trolls
  Sigmund (D:2)
  9 yaks
  A vampire (D:11)
  2 wyverns
  2 basilisks (Lair:1)
  Menkaure (D:6)
  A steam dragon (D:11)
  4 water moccasins
  5 orc warriors
  2 black bears
  5 ice beasts
  2 sky beasts
  4 wolves (Lair:2)
  A phantom (D:9)
  5 ogres
  5 centaurs
  4 big kobolds
  2 lemures
  7 bullfrogs
  3 scorpions
  4 killer bees (D:11)
  4 wights (D:8)
  2 howler monkeys
  10 hounds
  3 jellies
  7 orc wizards
  4 bullfrog skeletons
  A gnoll shaman (D:5)
  9 orc priests
  2 centaur skeletons
  Terence (D:2)
  4 iguanas
  4 hell rats (Lair:2)
  11 worker ants
  A hound zombie (D:8)
  A hound skeleton (D:4)
  A howler monkey zombie (D:9)
  A worker ant zombie (D:5)
  Robin (D:2)
  A howler monkey skeleton (D:10)
  9 gnolls
  8 adders
  3 river rats (Lair:2)
  3 shadow imps
  A white imp (D:5)
  An ufetubus (D:8)
  2 oozes
  2 adder skeletons
  An adder zombie (D:9)
  2 worms (D:2)
  5 leopard geckos
  30 orcs
  7 bats
  7 giant cockroaches
  10 goblins
  12 hobgoblins
  6 jackals
  32 kobolds
  3 quokkas
  2 ball pythons
  A ball python skeleton (D:5)
  9 frilled lizards
  A quokka zombie (D:7)
  11 rats
  2 lurking horrors (D:8)
325 creatures vanquished.

Vanquished Creatures (others)
  5 fungi
  A lurking horror (D:8)
  25 plants
31 creatures vanquished.

Grand Total: 356 creatures vanquished

Notes
Turn   | Place    | Note
-------+----------+-------------------------------------------
     0 | D:1      | sahdkjhfkaj the Demonspawn Fighter began the quest for the
                  | Orb.
     0 | D:1      | Reached XP level 1. HP: 18/18 MP: 1/1
    35 | D:1      | Reached skill level 2 in Polearms
   197 | D:1      | Gained mutation: You are immune to miasma. [demonic
                  | ancestry]
   197 | D:1      | Reached XP level 2. HP: 24/24 MP: 2/2
   867 | D:2      | Noticed Terence
   903 | D:2      | Gained mutation: Your body sometimes deteriorates upon
                  | taking damage. [potion of mutation]
   903 | D:2      | Gained mutation: Potions are less effective at restoring
                  | your health. [potion of mutation]
   903 | D:2      | Gained mutation: Your spells are a little harder to cast,
                  | but a little more powerful. [potion of mutation]
   907 | D:2      | Killed Terence
   908 | D:2      | Reached skill level 3 in Polearms
   908 | D:2      | Gained mutation: You regenerate a little health from kills.
                  | [demonic ancestry]
   908 | D:2      | Reached XP level 3. HP: 7/29 MP: 3/3
  1088 | D:2      | Noticed Robin
  1258 | D:2      | Killed Robin
  1259 | D:2      | Reached XP level 4. HP: 35/35 MP: 4/4
  1478 | D:2      | Noticed Sigmund
  1500 | D:2      | Killed Sigmund
  1501 | D:2      | Reached skill level 5 in Polearms
  1501 | D:2      | Gained mutation: You have sharp toenails. [demonic
                  | ancestry]
  1501 | D:2      | Reached XP level 5. HP: 9/41 MP: 5/5
  1754 | D:2      | Found a hide-covered altar of Uskayaw.
  2032 | D:3      | Found a shadowy altar of Dithmenos.
  2183 | D:3      | Reached XP level 6. HP: 47/47 MP: 6/6
  2797 | D:4      | Reached skill level 6 in Polearms
  3086 | D:5      | Entered Level 5 of the Dungeon
  3089 | D:5      | Found a staircase to the Ecumenical Temple.
  3131 | D:5      | Noticed Pikel
  3164 | Temple   | Entered the Ecumenical Temple
  3463 | Temple   | Became a worshipper of Warmaster Okawaru
  3595 | D:5      | Reached XP level 7. HP: 52/52 MP: 7/7
  3622 | D:5      | Reached skill level 7 in Polearms
  3927 | D:5      | Killed Pikel
  3927 | D:5      | Reached * piety under Okawaru
  3928 | D:5      | Reached skill level 8 in Polearms
  3928 | D:5      | Gained mutation: You regenerate health from kills. [demonic
                  | ancestry]
  3928 | D:5      | Reached XP level 8. HP: 21/58 MP: 8/8
  4090 | D:5      | Reached skill level 9 in Polearms
  4700 | D:6      | Reached skill level 10 in Polearms
  4793 | D:6      | Noticed Menkaure
  4801 | D:6      | Killed Menkaure
  4801 | D:6      | Reached ** piety under Okawaru
  5219 | D:7      | Reached XP level 9. HP: 51/63 MP: 9/9
  5571 | D:7      | Reached skill level 11 in Polearms
  5644 | D:7      | Noticed Harold
  6229 | D:8      | Found an ornate altar of the Wu Jian Council.
  6307 | D:8      | Reached *** piety under Okawaru
  6452 | D:8      | Found a corrupted altar of Lugonu.
  6455 | D:8      | Reached skill level 12 in Polearms
  6467 | D:8      | Noticed a troll
  6521 | D:7      | Killed a troll
  6522 | D:7      | Reached skill level 1 in Dodging
  6522 | D:7      | Reached skill level 1 in Invocations
  6664 | D:8      | Found a one-way gate to the infinite horrors of the Abyss.
  6702 | D:8      | Reached skill level 1 in Evocations
  7150 | D:9      | Reached **** piety under Okawaru
  7235 | D:9      | Gained mutation: You have razor-sharp toenails. [demonic
                  | ancestry]
  7235 | D:9      | Reached XP level 10. HP: 57/71 MP: 11/11
  7564 | D:9      | Noticed a two-headed ogre
  7623 | D:9      | Killed a two-headed ogre
  7623 | D:9      | Received a gift from Okawaru
  8191 | D:9      | Noticed a centaur warrior
  8205 | D:9      | Killed a centaur warrior
  8440 | D:10     | Entered Level 10 of the Dungeon
  8643 | D:10     | Reached ***** piety under Okawaru
  8710 | D:10     | Reached skill level 5 in Armour
  9654 | D:11     | Reached skill level 5 in Shields
  9654 | D:11     | Reached XP level 11. HP: 70/81 MP: 14/14
  9690 | D:11     | Found a staircase to the Lair.
  9730 | D:11     | Received a gift from Okawaru
  9731 | D:11     | Got a steaming helmet {god gift}
  9737 | D:11     | Identified the +2 helmet of Ajext {-Cast rF+++ Regen+
                  | Str-3} (Okawaru gifted it to you on level 11 of the
                  | Dungeon)
  9820 | D:11     | Noticed Maurice
  9849 | D:11     | Killed Maurice
  9854 | D:11     | Got a steaming lead amulet
  9865 | D:11     | Identified the amulet of the King {Faith +Fly rElec rPois
                  | Int-2} (You found it on level 11 of the Dungeon)
 10368 | D:11     | Found a staircase to the Orcish Mines.
 10434 | D:11     | Found a roughly hewn altar of Beogh.
 10507 | D:11     | Noticed a seven-headed hydra
 10521 | D:11     | Killed a seven-headed hydra
 10954 | Lair:1   | Entered Level 1 of the Lair of Beasts
 11042 | Lair:1   | Reached skill level 5 in Dodging
 11088 | Lair:1   | Reached skill level 5 in Invocations
 11425 | Lair:1   | Received a gift from Okawaru
 12024 | Lair:2   | Reached skill level 5 in Evocations
 12245 | Lair:2   | Noticed a boulder beetle
 12271 | Lair:2   | Slain by a boulder beetle

Illustrated notes

Levels and vault maps discovered:
D:1:      dpeg_arrival_erosion, layout_loops_cross,
          chequers_serial_rivers_micro_b
D:2:      layout_basic, eat_drink_and_be_merry_uskayaw, serial_bayou_pond_a,
          uniq_terence, uniq_sigmund, uniq_robin
D:3:      layout_loops_ring, dk_noncrumbling_2, chequers_serial_rivers_micro_e,
          nicolae_dithmenos_shadow_blocks
D:4:      layout_cave_pools, grunt_ministairs_3
D:5:      minmay_chambers_of_threes, layout_loops_ring,
          minmay_temple_entry_overgrown, kennysheep_big_empty_room,
          saegor_snake_ambush, uniq_pikel
D:6:      layout_cave_pools, uniq_menkaure
D:7:      kennysheep_kobold_camp, layout_loops_corners, uniq_harold
D:8:      layout_loops_ring, basic_altar, amcnicky_altar_lugonu_corruption
D:9:      minmay_chambers_of_sixes, layout_basic
D:10:     layout_rooms, hangedman_corner_corridor
D:11:     layout_basic, lair_entry_dummy, minmay_orc_entry_temple_small,
          uniq_maurice
D:12:     layout_roguey, uniq_azrael, uniq_kirke, uniq_frances, uniq_erolcha
Temple:   nicolae_temple_the_god_donut
Lair:1:   layout_loops_ring, beast_lair_carwin_3, infiniplex_staircase_pool_2
Lair:2:   layout_cave_pods, elwin_shoals_entry_rooms,
          mumra_transporter_accident, st_stairs_12, kennysheep_abandoned_house,
          uniq_maggie

Skill      XL: |  1  2  3  4  5  6  7  8  9 10 11 |
---------------+----------------------------------+-----
Polearms       | 2 3 5 6 8 10 12 | 12.0
Armour         | 3 4 6 |  6.8
Shields        | 3 5 |  5.0
Fighting       | 4 6 8 |  8.0
Dodging        | 1 3 5 |  5.0
Invocations    | 2 4 7 |  7.0
Evocations     | 1 3 5 |  5.0

Action                   |  1- 3 |  4- 6 |  7- 9 | 10-12 || total
-------------------------+-------+-------+-------+-------++-------
Melee: Trident           |   100 |   178 |   588 |   875 ||  1741
       Kick              |       |    23 |   139 |   265 ||   427
Throw: Javelin           |       |       |       |     2 ||     2
Invok: Heroism           |       |       |     2 |     3 ||     5
       Finesse           |       |       |       |     1 ||     1
Evoke: Wand              |       |       |       |     7 ||     7
  Use: Scroll            |     6 |     1 |     7 |     9 ||    23
       Potion            |     3 |       |       |     4 ||     7
 Stab: Distracted        |       |       |       |     1 ||     1
       Confused          |       |       |       |     2 ||     2
       Invisible         |       |       |       |     1 ||     1
Armor: Scale mail        |    36 |    51 |    94 |       ||   181
       Plate armour      |       |       |    81 |   303 ||   384
Dodge: Dodged            |    18 |    37 |   105 |    83 ||   243
Block: Kite shield       |    41 |    58 |   200 |   330 ||   629
       Reflection        |       |       |       |     7 ||     7
